AoeStats
← Dustin

Arabia

505664947Analyzed
1v1 RM · 22d ago on Sep 10, 2026· 39m 18s· 2 players
Game mode
Random Map
Map size
Tiny (2 player)
Population
200
Speed
Normal
Resources
Standard
Victory
Conquest
Starting age
Dark Age
Ending age
Imperial Age
RankedLock teamsTeams togetherTeam positionsShared explorationLock speedFull tech treeHidden civsTurbo modeCheats
Victory
Defeat
🇩🇪 Poles · Germany
1608
+19
🇵🇪 Persians · Peru
1664
-19
Dustin
3:02 Loom
11:50 Feudal Age
12:49 Double-Bit Axe
12:45 Horse Collar
19:17 Scale Mail Armor
19:41 Fletching
24:19 Man-at-Arms
26:00 Scale Barding Armor
26:35 Forging
26:36 Bloodlines
29:03 Castle Age
30:01 Heavy Plow
30:13 Bow Saw
30:40 Chain Barding Armor
30:55 Iron Casting
31:39 Wheelbarrow
30:56 Gold Mining
31:24 Husbandry
32:17 Iron Casting
32:19 Elite Skirmisher
32:59 Bodkin Arrow
Ing.Patrick QG
7:29 Loom
9:59 Feudal Age
19:22 Fletching
19:29 Double-Bit Axe
27:49 Castle Age
27:06 Scale Barding Armor
27:50 Forging
30:06 Bloodlines
Connection lost

Rejoining the realm…

Still unreachable

The connection could not be restored.

Session expired

The server has moved on; the page needs a fresh start.